 Dungeon Crawl Stone Soup version 0.16.1-12-gf5c4a84 (webtiles) character file.

105 faffalel the Magician (level 4, -7/24 HPs)
             Began as a Deep Elf Wizard on Apr 8, 2015.
             Mangled by a gnoll
             ... wielding a +0 halberd
              (11 damage)
             ... on level 2 of the Dungeon.
             The game lasted 00:23:55 (2558 turns).

faffalel the Magician (Deep Elf Wizard)             Turns: 2558, Time: 00:23:56

Health: -7/24      AC:  4    Str:  4    XL:     4   Next: 53%
Magic:  15/18      EV: 13    Int: 23    God:
Gold:   112        SH:  0    Dex: 14    Spells: 3 memorised, 10 levels left

rFire  . . .     SeeInvis .     g - +2 dagger (elec)
rCold  . . .     Clarity  .     a - +1 robe
rNeg   . . .     SustAb   .     (no shield)
rPois  .         Gourm    .     j - +1 hat
rElec  .         Spirit   .     (no cloak)
rCorr  +         Warding  .     (no gloves)
rMut   .         Stasis   .     (no boots)
MR     .....                    e - amulet of resist corrosion
Stlth  ++........               (no ring)
                                (no ring)

@: not resistant to hostile enchantments, unstealthy
A: no striking features
a: no special abilities


You were on level 2 of the Dungeon.
You were not hungry.

You visited 1 branch of the dungeon, and saw 2 of its levels.

You collected 112 gold pieces.

Inventory:

Hand weapons
 g - a +2 dagger of electrocution (weapon)
Missiles
 i - 41 arrows
Armour
 a - a +1 robe (worn)
 b - a +0 hat
 j - a +1 hat (worn)
Jewellery
 e - an amulet of resist corrosion (around neck)
Scrolls
 f - a scroll of identify
 k - 2 scrolls of blinking
 n - a scroll of recharging
Potions
 o - a potion of resistance {unknown}
Books
 c - a book of Minor Magic

   Spells                             Type                      Level
   a - Magic Dart                     Conjuration                  1
   b - Blink                          Translocation                2
   c - Call Imp                       Summoning                    2
   d - Repel Missiles                 Charms/Air                   2
   e - Slow                           Hexes                        2
   f - Conjure Flame                  Conjuration/Fire             3
   g - Mephitic Cloud                 Conjuration/Poison/Air       3
Comestibles
 d - 2 fruits
 h - 2 beef jerkies
 m - 2 meat rations


   Skills:
 + Level 0.4 Short Blades
 + Level 3.0 Dodging
 + Level 2.6 Stealth
 + Level 6.1 Spellcasting
 + Level 1.7 Conjurations
 + Level 1.5 Summonings
 + Level 1.9 Translocations


You had 10 spell levels left.
You knew the following spells:

 Your Spells              Type           Power        Failure   Level  Hunger
a - Magic Dart            Conj           ##..         4%          1    None
b - Blink                 Tloc           N/A          10%         2    None
c - Call Imp              Summ           ##......     10%         2    None


Dungeon Overview and Level Annotations

Branches:
Dungeon (2/15)

Altars:
Qazlal


Message History

Your white imp gestures at the gnoll.
The puff of frost hits the gnoll.
The gnoll hits your white imp with a halberd!
Your white imp dies!
Your crimson imp hits the gnoll.
The gnoll hits your crimson imp with a halberd!
Your crimson imp barely misses the gnoll.
Your crimson imp blinks!
You swap places.
Your crimson imp misses the gnoll.
The gnoll hits you from afar with a halberd!
Your crimson imp blinks! x2
The gnoll misses you.
You hit the gnoll.
The gnoll is severely wounded.
The gnoll hits you with a halberd.
* * * LOW HITPOINT WARNING * * *
You swap places.
Your crimson imp barely misses the gnoll.
The gnoll hits you from afar with a halberd!
You die...

......g.g.(g..(#
.....g#.###g##.#
.....,#.# #.#*,*
....*,#.# #(#*,*
...,*,#.# #)#*,####
..,,*,#.# #)#*,,..#
,,,,*,#.# #.#*,*#.#
,,,,*,#.# #.#####.###
#,#.#,#.# #.#.g5@5..#
*.#.#,#.# #.#§###.#.#
*.#.#.#.# #(#.#...#.#
*,...,#.# #g#g#.#.#.#
,,....#.###.#.#.###.#
###.#.#.#..(#.#,,,.>#
,.....#.#..g§.#***###
###.###.############
............"......#


You could see a gnoll and 2 friendly crimson imps.

Vanquished Creatures
  2 worms
  A giant gecko (D:1)
  An ooze (D:1)
  2 ball pythons (D:1)
  8 bats
  6 goblins
  7 hobgoblins
  8 jackals (D:1)
  5 kobolds
  7 giant newts
  6 rats
53 creatures vanquished.

Vanquished Creatures (collateral kills)
  6 gnolls
  A hobgoblin (D:1)
  2 jackals (D:1)
9 creatures vanquished.

Vanquished Creatures (others)
  A shadow imp (D:2)
  2 white imps
3 creatures vanquished.

Grand Total: 65 creatures vanquished

Notes
Turn   | Place    | Note
--------------------------------------------------------------
     0 | D:1      | faffalel, the Deep Elf Wizard, began the quest for the Orb.
     0 | D:1      | Reached XP level 1. HP: 10/10 MP: 6/6
   208 | D:1      | Reached skill level 5 in Spellcasting
   250 | D:1      | Reached XP level 2. HP: 7/15 MP: 8/11
   255 | D:1      | Learned a level 2 spell: Blink
   373 | D:1      | Learned a level 2 spell: Call Imp
  1278 | D:1      | Reached XP level 3. HP: 19/19 MP: 6/14
  1839 | D:1      | Reached XP level 4. HP: 24/24 MP: 13/17
  2213 | D:2      | Found a stormy altar of Qazlal.
  2517 | D:2      | Reached skill level 6 in Spellcasting
  2558 | D:2      | Mangled by a gnoll

Action                   |  1- 3 |  4- 6 || total
-------------------------+-------+-------++-------
Melee: Dagger            |    47 |     8 ||    55
 Cast: Magic Dart        |    62 |    21 ||    83
       Blink             |    13 |     1 ||    14
       Call Imp          |     9 |     7 ||    16
  Use: Scroll            |     7 |     2 ||     9
       Potion            |     1 |     1 ||     2
  Eat: Royal jelly       |     1 |       ||     1
       Bread ration      |       |     1 ||     1
